 Dungeon Crawl Stone Soup version 0.24-a0-619-gb7544fd237 (webtiles) character file.

Game seed: 10287827931302432856, levelgen mode: deterministic

492 Engwar the Firebug (level 6, -1/67 HPs)
             Began as a Draconian Fire Elementalist on Sept 18, 2019.
             Slain by an orc priest
             ... wielding a +0 flail
              (3 damage)
             ... on level 5 of the Dungeon.
             The game lasted 00:18:03 (3948 turns).

Engwar the Firebug (Draconian Fire Elementalist)    Turns: 3948, Time: 00:18:04

Health: -1/67      AC:  8    Str: 15    XL:     6   Next: 91%
Magic:  0/10       EV: 12    Int: 17    God:
Gold:   140        SH:  0    Dex: 12    Spells: 0/10 levels left

rFire    + . .     SeeInvis .   m - staff of cold
rCold    + . .     Gourm    .   (no shield)
rNeg     . . .     Faith    .   (armour unavailable)
rPois    +         Spirit   .   (helmet restricted)
rElec    .         Reflect  .   (no cloak)
rCorr    .         Harm     .   t - +0 pair of gloves
MR       .....                  y - +0 pair of boots
Stlth    ..........             (no amulet)
HPRegen  0.21/turn              j - ring of poison resistance
MPRegen  0.12/turn              v - ring of protection from fire

@: berserking, very slightly contaminated, very quick
A: unfitting armour, cold-blooded, AC +6
a: no special abilities


You were on level 5 of the Dungeon.
You were not hungry.

You visited 1 branch of the dungeon, and saw 5 of its levels.

You collected 140 gold pieces.

Inventory:

Hand Weapons
 a - a +0 dagger
Missiles
 g - 7 silver javelins (quivered)
 h - 8 boomerangs
Armour
 t - a +0 pair of gloves (worn)
 y - a +0 pair of boots (worn)
Magical Staves
 m - an uncursed staff of cold (weapon)
Jewellery
 j - a ring of poison resistance (left hand)
 v - a ring of protection from fire (right hand)
 z - an uncursed ring of resist corrosion
Scrolls
 d - a scroll of enchant armour {unknown}
 e - 3 scrolls of teleportation
 i - 2 scrolls of magic mapping {unknown}
 k - a scroll of fog {unknown}
 l - 2 scrolls of remove curse {unknown}
 n - a scroll of enchant weapon {unknown}
 q - a scroll of amnesia {unknown}
 A - a scroll of immolation {unknown}
Potions
 f - 5 potions of curing
 o - a potion of might
 p - a potion of flight
 r - 2 potions of agility {unknown}
 s - a potion of degeneration {unknown}
 u - a potion of lignification {unknown}
 w - a potion of invisibility {unknown}
Comestibles
 b - 10 rations


   Skills:
 - Level 1.7 Dodging
 - Level 1.7 Stealth
 - Level 2.7 Spellcasting
 + Level 5.3 Conjurations
 + Level 5.3 Fire Magic


You couldn't memorise any spells.
You knew the following spells:

 Your Spells              Type           Power        Failure   Level  Hunger
a - Flame Tongue          Conj/Fire      ###..        1%          1    #......
b - Throw Flame           Conj/Fire      ###...       3%          2    ##.....
c - Conjure Flame         Conj/Fire      ###.....     6%          3    ###....
d - Sticky Flame          Conj/Fire      ###.....     21%         4    #####..

Your spell library contained the following spells:

 Spells                   Type           Power        Failure   Level  Hunger
 Inner Flame              Hex/Fire       ##......     19%         3    ###....
 Fireball                 Conj/Fire      ###.......   50%         5    ######.


Dungeon Overview and Level Annotations

Branches:
Dungeon (5/15)
 Temple: D:4-7

Altars:
Ashenzari
Fedhas
Nemelex Xobeh
Qazlal

Annotations:
D:4 Edmund, Menkaure


Innate Abilities, Weirdness & Mutations

Your plain brown scales are hard. (AC +6)
You cannot fit into any form of body armour.
You are cold-blooded and may be slowed by cold attacks.


Message History

Pain shoots through your body!
* * * LOW HITPOINT WARNING * * *
Found 11 gold pieces.
Casting: Flame Tongue (safe; 1% risk of failure)
Confirm with . or Enter, or press ? or * to list all spells.
Aiming: Flame Tongue (safe; 1% risk of failure)
Press: ? - help, Shift-Dir - straight line, f - orc priest
Aim: an orc priest, wielding a +0 flail and wearing a +0 leather armour The flame tongue hits the orc priest but does no damage.
The orc shouts!
The orc priest hits you with a +0 flail.
* * * LOW HITPOINT WARNING * * *
The quokka zombie completely misses you.
Unknown command.
Unknown command.
Unknown command.
A red film seems to cover your vision as you go berserk!
You feel yourself moving faster!
You feel mighty!
The orc priest hits you with a +0 flail.
You die...

.#### #. ...
#$ ... #. ...
# #. #.# #
#.##o##.####
.............#
###..#.##)#
......o@Z<#
#......##.#
#...... #.#
....... #.#
#..#### ### #.
#


You could see an orc priest, an orc and a quokka zombie.

Vanquished Creatures
  An ogre (D:5)
  An orc priest (D:3)
  A gnoll shaman (D:4)
  2 worker ants
  Natasha (thrice) (D:2)
  Robin (D:2)
  4 gnolls (D:4)
  7 adders
  2 oozes
  A worm (D:2)
  A dart slug (D:1)
  3 leopard geckos
  7 orcs
  10 bats
  6 giant cockroaches
  15 goblins
  12 hobgoblins
  2 jackals (D:1)
  3 quokkas
  3 ball pythons
  4 frilled lizards
  9 kobolds
  13 rats
111 creatures vanquished.

Notes
Turn   | Place    | Note
-------+----------+-------------------------------------------
     0 | D:1      | Engwar the Draconian Fire Elementalist began the quest for
                  | the Orb.
     0 | D:1      | Reached XP level 1. HP: 14/14 MP: 3/3
   140 | D:1      | Reached XP level 2. HP: 17/20 MP: 5/5
   239 | D:1      | Learned a level 2 spell: Throw Flame
   622 | D:1      | Reached XP level 3. HP: 26/26 MP: 3/6
   627 | D:1      | Learned a level 3 spell: Conjure Flame
  1151 | D:2      | Reached XP level 4. HP: 33/33 MP: 2/7
  1223 | D:2      | Noticed Natasha
  1226 | D:2      | Killed Natasha
  1391 | D:2      | Noticed Natasha
  1421 | D:2      | Killed Natasha
  1421 | D:2      | Reached XP level 5. HP: 37/38 MP: 2/8
  1665 | D:2      | Found a shattered altar of Ashenzari.
  1665 | D:2      | Found a stormy altar of Qazlal.
  1665 | D:2      | Identified the +2 helmet of the Other Side {*Drain rC+
                  | Str+2 Slay+3}
  1665 | D:2      | Noticed Robin
  1836 | D:2      | Noticed Natasha
  1842 | D:2      | Killed Robin
  1848 | D:2      | Killed Natasha
  1902 | D:2      | Found a sparkling altar of Nemelex Xobeh.
  2715 | D:3      | Reached XP level 6. HP: 41/45 MP: 4/9
  2805 | D:3      | Found a blossoming altar of Fedhas.
  3119 | D:3      | Found a faded altar of an unknown god.
  3199 | D:4      | Noticed Menkaure
  3543 | D:4      | Learned a level 4 spell: Sticky Flame
  3721 | D:4      | Reached skill level 5 in Fire Magic
  3727 | D:4      | Reached skill level 5 in Conjurations
  3886 | D:4      | Noticed Edmund
  3932 | D:5      | Entered Level 5 of the Dungeon
  3947 | D:5      | HP: 1/45 [orc priest/+0 flail (6)]
  3948 | D:5      | Slain by an orc priest

Levels and vault maps discovered:
D:1:      elethiomel_arrival_infinity_welcomes_careful_drivers, layout_rooms
D:2:      minmay_thinvault, layout_basic, grunt_temple_overflow_open,
          minmay_pentomino_s4, uniq_robin, uniq_natasha
D:3:      minmay_recursive_quarters, layout_rooms, lemuel_doored_altar,
          chequers_ecumenical_altar_twisty, minmay_fractal_squares_gapless_5
D:4:      layout_basic, first_ration, serial_glass, glass_columns_c,
          glass_columns_b, uniq_menkaure, uniq_edmund
D:5:      layout_loops_ring, okawaru_altar_gauntlet_db

Skill      XL: |  1  2  3  4  5  6 |
---------------+-------------------+-----
Conjurations   | 2 3 4 5 |  5.3
Fire Magic     | 4 5 |  5.3
Dodging        | |  1.7
Stealth        | |  1.7
Spellcasting   | |  2.7

Action                   |  1- 3 |  4- 6 || total
-------------------------+-------+-------++-------
Melee: Dagger            |    45 |       ||    45
       Tailslap          |     6 |     5 ||    11
       Staff             |    10 |    87 ||    97
Throw: Javelin           |     1 |       ||     1
 Cast: Flame Tongue      |    40 |   130 ||   170
       Conjure Flame     |     1 |       ||     1
  Use: Scroll            |     2 |     3 ||     5
       Potion            |       |     1 ||     1
 Stab: Sleeping          |     4 |     1 ||     5
  Eat: Chunk             |     2 |     5 ||     7
       Ration            |       |     2 ||     2
Armor: Skin              |    34 |    49 ||    83
Dodge: Dodged            |    64 |   115 ||   179

Table legend:
 A = Non-vault XP
 B = Vault XP
 C = Vault XP percentage of total XP
 D = Non-vault monster count
 E = Vault monster count
 F = Vault count percentage of total count
                 A         B        C        D         E       F
            +---------+---------+-------+---------+---------+-------
      Total |     545 |     158 |  22.5 |      72 |      39 |  35.1
            +---------+---------+-------+---------+---------+-------
        D:1 |      48 |       8 |  14.3 |      26 |       4 |  13.3
        D:2 |     138 |     120 |  46.5 |      20 |      23 |  53.5
        D:3 |     103 |      30 |  22.6 |      16 |      12 |  42.9
        D:4 |     145 |       0 |   0.0 |       8 |       0 |   0.0
        D:5 |     111 |       0 |   0.0 |       2 |       0 |   0.0
            +---------+---------+-------+---------+---------+-------
